 Dungeon Crawl Stone Soup version 0.16-a0-3880-g9314259 (webtiles) character file.

384 timbw the Insei (level 7, 0/44 HPs)
             Began as a Kobold Monk on Feb 1, 2015.
             Succumbed to a centaur's poison
             ... on level 6 of the Dungeon.
             The game lasted 00:08:47 (2457 turns).

timbw the Insei (Kobold Monk)                       Turns: 2457, Time: 00:08:48

Health: 0/44       AC:  6    Str:  9    XL:     7   Next: 6%
Magic:  7/7        EV: 18    Int:  8    God:
Gold:   139        SH:  0    Dex: 21    Spells: 0 memorised, 6 levels left

rFire  + . .     SeeInvis .       - Unarmed
rCold  + . .     Clarity  .     o - +0 leather armour
rNeg   . . .     SustAb   .     (no shield)
rPois  +         Gourm    .     p - +0 helmet
rElec  +         Spirit   .     l - +1 cloak
rCorr  +         Warding  .     (no gloves)
rMut   .         Stasis   .     (no boots)
MR     .....                    (no amulet)
Stlth  +++.......               (no ring)
                                (no ring)

@: lethally poisoned (0 -> -10), resistant, not resistant to hostile
enchantments, fairly stealthy
A: carnivore 3
a: no special abilities


You were on level 6 of the Dungeon.
You were not hungry.

You visited 2 branches of the dungeon, and saw 7 of its levels.

You collected 139 gold pieces.

Inventory:

Armour
 a - a +0 robe
 d - a +0 ring mail
 j - a +0 helmet
 l - a +1 cloak (worn)
 o - a +0 leather armour (worn)
 p - a +0 helmet (worn)
Scrolls
 c - 2 scrolls of identify
 f - 3 scrolls of fog
 s - a scroll of immolation {unknown}
 w - a scroll of amnesia {unknown}
Potions
 h - 2 potions of lignification
 r - a potion of heal wounds {unknown}
 t - a potion of magic {unknown}
 u - a potion of haste {unknown}
Comestibles
 b - 2 meat rations
 g - 2 beef jerkies
 i - 4 chunks of flesh
 v - a royal jelly


   Skills:
 + Level 5.2 Fighting
 + Level 5.1 Dodging
 - Level 2.6 Stealth
 * Level 6.1 Unarmed Combat


You had 6 spell levels left.
You didn't know any spells.

Dungeon Overview and Level Annotations

Branches:
Dungeon (6/15)             Temple (1/1) D:5

Altars:
Ashenzari
Cheibriados
Dithmenos
Elyvilon
Fedhas
Gozag
Kikubaaqudgha
Makhleb
Nemelex Xobeh
Okawaru
Qazlal
Ru
Sif Muna
Trog
Vehumet
Xom
Yredelemnul
Zin

Shops:
D:4 ?


Innate Abilities, Weirdness & Mutations

You are small and have problems with some larger weapons.
You are carnivorous and can eat meat at any time.


Message History

Okay, then.
* * * LOW HITPOINT WARNING * * *
You feel sick.
* * * LOW HITPOINT WARNING * * *
You feel sick.
Things that are here:
a dagger; a robe Drink which item? (? for menu, Esc to quit)
It was a potion of resistance.
You feel protected.
* * * LOW HITPOINT WARNING * * *
You feel sick.
Drink which item? (? for menu, Esc to quit)
It was a potion of restore abilities.
You feel refreshed.
* * * LOW HITPOINT WARNING * * *
You feel sick.
Unknown command.
Drink which item? (? for menu, Esc to quit)
It was a potion of poison.
You feel slightly nauseous.
You die...

. ..#. #..#.
#.... #.
#....## #.
#...§§######
#.##...#§#@...#
#..#..#.§.###.#
#.#.#§#.#§##.#
#....§§_§§...#
#...#§#c#.####
#.)..#§§§#..
#.#...#(#.###
#.# #.#...(...#
.. #.#.......#


There were no monsters in sight!

Vanquished Creatures
  Duvessa (D:6)
  Dowan (D:6)
  A centaur skeleton (D:5)
  A giant frog skeleton (D:5)
  A hound (D:5)
  A worker ant (D:4)
  A hound zombie (D:6)
  A hound skeleton (D:4)
  Robin (D:2)
  5 adders
  A worm (D:2)
  2 adder zombies
  2 giant geckos
  8 orcs
  8 bats
  3 giant cockroaches
  8 goblins (D:2)
  7 hobgoblins
  2 jackals (D:5)
  11 kobolds
  A quokka (D:5)
  A giant gecko skeleton (D:6)
  A giant newt (D:3)
  A quokka zombie (D:1)
  5 rats
75 creatures vanquished.

Notes
Turn   | Place    | Note
--------------------------------------------------------------
     0 | D:1      | timbw, the Kobold Monk, began the quest for the Orb.
     0 | D:1      | Reached XP level 1. HP: 14/14 MP: 1/1
    65 | D:1      | Reached XP level 2. HP: 12/19 MP: 2/2
   167 | D:2      | Found a white marble altar of Elyvilon.
   231 | D:2      | Reached XP level 3. HP: 14/24 MP: 3/3
   416 | D:2      | Noticed Robin
   852 | D:2      | Reached XP level 4. HP: 20/29 MP: 4/4
   884 | D:2      | Killed Robin
  1260 | D:4      | Reached skill level 5 in Unarmed Combat
  1316 | D:4      | Found Stidu's Magic Scroll Boutique.
  1347 | D:4      | Reached XP level 5. HP: 20/34 MP: 5/5
  1633 | D:5      | Entered Level 5 of the Dungeon
  1711 | D:5      | Found a shattered altar of Ashenzari.
  1837 | D:5      | Reached XP level 6. HP: 32/39 MP: 6/6
  1883 | D:5      | Found a staircase to the Ecumenical Temple.
  1903 | D:5      | Noticed a phantom
  1930 | Temple   | Entered the Ecumenical Temple
  2159 | D:6      | Noticed Duvessa
  2168 | D:6      | Noticed Dowan
  2193 | D:6      | Killed Duvessa
  2193 | D:6      | Reached skill level 5 in Fighting
  2193 | D:6      | Reached skill level 5 in Dodging
  2352 | D:6      | Reached skill level 6 in Unarmed Combat
  2421 | D:6      | Found a shadowy altar of Dithmenos.
  2439 | D:6      | Killed Dowan
  2439 | D:6      | Reached XP level 7. HP: 37/44 MP: 7/7
  2455 | D:6      | HP: 2/44 [poisoned by a centaur]
  2457 | D:6      | Succumbed to a centaur's poison

Action                   |  1- 3 |  4- 6 |  7- 9 || total
-------------------------+-------+-------+-------++-------
Melee: Unarmed           |    91 |   199 |       ||   290
  Use: Scroll            |       |     6 |       ||     6
       Potion            |       |       |     3 ||     3
 Stab: Sleeping          |     1 |     1 |       ||     2
  Eat: Chunk             |     1 |     4 |       ||     5
